 Dungeon Crawl Stone Soup version 0.25-a0-44-g29a1220a87 (webtiles) character file.

Game seed: 9659470567222314545, levelgen mode: deterministic

16703 keltmir the Thaumaturge (level 12, 0/94 HPs)
             Began as a Gnoll Skald on Oct 24, 2019.
             Was a High Priest of Okawaru.
             Slain by an orc knight
             ... wielding a +0 great sword
              (20 damage)
             ... on level 15 of the Dungeon.
             The game lasted 00:52:48 (15040 turns).

keltmir the Thaumaturge (Gnoll Skald)              Turns: 15040, Time: 00:52:49

Health: 0/94       AC: 19    Str: 17    XL:     12   Next: 40%
Magic:  24/24      EV: 19    Int: 12    God:    Okawaru [*****.]
Gold:   279        SH:  5    Dex: 26    Spells: 18/28 levels left

rFire    . . .     SeeInvis +   C - +5 halberd "Eciavub" {venom, rPois}
rCold    . . .     Gourm    .   (shield currently unavailable)
rNeg     + . .     Faith    .   v - +3 ring mail of Daupn {Int-5 Dex+7 Stlth+}
rPois    +         Spirit   .   N - +0 helmet
rElec    .         Reflect  +   (no cloak)
rCorr    +         Harm     .   y - +3 pair of gloves "Saips" {rN+ rCorr Dex+4 SInv}
MR       .....                  b - +0 pair of boots {Stlth+}
Stlth    ++++++....             M - +5 amulet of reflection
HPRegen  0.25/turn              h - +3 ring of protection
MPRegen  0.19/turn              J - +3 ring of slaying

@: about to teleport
A: distributed training, fangs 1, strong nose
a: Heroism, Finesse, Renounce Religion


You were on level 15 of the Dungeon.
You worshipped Okawaru.
Okawaru was extremely pleased with you.
You were very hungry.

You visited 2 branches of the dungeon, and saw 14 of its levels.
You also visited: Ossuary.

You collected 765 gold pieces.
You spent 486 gold pieces at shops.

Inventory:

Hand Weapons
 C - the +5 halberd "Eciavub" (weapon) {venom, rPois}
   (You found it on level 4 of the Dungeon)

   It poisons the flesh of those it strikes.
   It protects you from poison.
 S - a +4 trident
 T - the +8 short sword "Toecloamp" {chaos, *Contam Int+4 Dex+4}
   (You took it off a big kobold on level 5 of the Dungeon)

   Each time it hits an enemy it has a different, random effect.
   It affects your intelligence (+4).
   It affects your dexterity (+4).
   It causes magical contamination when unequipped.
Missiles
 m - 31 poisoned darts (quivered)
 r - 14 boomerangs
 V - 2 curare-tipped darts
Armour
 b - a +0 pair of boots of stealth (worn)
 v - the +3 ring mail of Daupn (worn) {Int-5 Dex+7 Stlth+}
   (You bought it in a shop on level 6 of the Dungeon)

   It affects your intelligence (-5).
   It affects your dexterity (+7).
   It makes you more stealthy.
 y - the +3 pair of gloves "Saips" (worn) {rN+ rCorr Dex+4 SInv}
   (You found it on level 4 of the Dungeon)

   It affects your dexterity (+4).
   It protects you from negative energy.
   It lets you see invisible.
   It provides partial protection from all sources of acid and corrosion.
 N - a +0 helmet (worn)
 R - the +1 buckler "Romoseumet" {*Corrode +Inv rC+ Str+2}
   (You found it on level 9 of the Dungeon)

   It affects your strength (+2).
   It protects you from cold.
   It lets you turn invisible.
   It may corrode you when you take damage.
Jewellery
 h - a +3 ring of protection (left hand)
 p - an uncursed ring of protection from fire
 t - the ring "Xanocup" {rN+ Dex+2}
   (You took it off a deep elf mage on level 10 of the Dungeon)

   [ring of dexterity]

   It affects your dexterity (+2).
   It protects you from negative energy.
 J - a +3 ring of slaying (right hand)
 M - a +5 amulet of reflection (around neck)
 W - the ring of the Establishment {rN+ rCorr SInv}
   (You bought it in a shop on level 11 of the Dungeon)

   [ring of resist corrosion]

   It protects you from negative energy.
   It lets you see invisible.
   It provides partial protection from all sources of acid and corrosion.
Wands
 a - a wand of clouds (4)
 l - a wand of disintegration (11)
 I - a wand of random effects (12)
 K - a wand of acid (22)
 O - a wand of digging (5)
 P - a wand of flame (13)
 Z - a wand of iceblast (11)
Scrolls
 e - 12 scrolls of teleportation
 g - 3 scrolls of remove curse
 n - a scroll of enchant weapon {unknown}
 o - 3 scrolls of amnesia {unknown}
 q - 7 scrolls of fog
 s - a scroll of blinking {unknown}
 u - 4 scrolls of enchant armour
 x - a scroll of summoning {unknown}
 F - 2 scrolls of fear {unknown}
 G - a scroll of noise {unknown}
 L - 2 scrolls of random uselessness {unknown}
 U - a scroll of brand weapon {unknown}
Potions
 c - 6 potions of curing
 d - 2 potions of magic
 f - a potion of agility
 i - 2 potions of brilliance
 j - 4 potions of lignification
 k - a potion of might
 w - 2 potions of haste
 z - 2 potions of flight
 A - a potion of resistance
 B - 2 potions of heal wounds
 E - a potion of berserk rage {unknown}
 H - a potion of degeneration {unknown}
 X - a potion of cancellation {unknown}
Comestibles
 D - 16 rations


   Skills:
 + Level 8.5 Fighting
 + Level 7.1 Short Blades
 + Level 7.1 Long Blades
 + Level 7.1 Axes
 + Level 7.1 Maces & Flails
 + Level 8.5 Polearms
 + Level 7.1 Staves
 + Level 7.1 Slings
 + Level 7.1 Bows
 + Level 7.1 Crossbows
 + Level 7.1 Throwing
 + Level 7.6 Armour
 + Level 8.5 Dodging
 + Level 7.1 Stealth
 + Level 7.1 Shields
 + Level 7.1 Unarmed Combat
 + Level 8.8 Spellcasting
 + Level 5.9 Conjurations
 + Level 5.9 Hexes
 + Level 8.1 Charms
 + Level 5.9 Summonings
 + Level 5.9 Necromancy
 + Level 5.9 Translocations
 + Level 5.9 Transmutations
 + Level 5.9 Fire Magic
 + Level 5.9 Ice Magic
 + Level 5.9 Air Magic
 + Level 5.9 Earth Magic
 + Level 5.9 Poison Magic
 + Level 7.8 Invocations
 + Level 7.1 Evocations


You had 18 spell levels left.
You knew the following spells:

 Your Spells              Type           Power        Failure   Level  Hunger
a - Infusion              Chrm           ###.         1%          1    None
b - Spectral Weapon       Hex/Chrm       ###.....     3%          3    ##.....
c - Regeneration          Chrm/Necr      ###.......   3%          3    ##.....
d - Call Canine Familiar  Summ           ###.....     6%          3    ##.....

Your spell library contained the following spells:

 Spells                   Type           Power        Failure   Level  Hunger
 Summon Small Mammal      Summ           ###.         1%          1    None
 Shroud of Golubria       Chrm/Tloc      ###...       1%          2    None
 Song of Slaying          Chrm           ###.....     1%          2    None
 Call Imp                 Summ           ###.....     3%          2    None
 Summon Guardian Golem    Hex/Summ       ###.....     6%          3    ##.....
 Summon Ice Beast         Ice/Summ       ###.....     21%         4    ####...
 Summon Lightning Spire   Summ/Air       ###.....     21%         4    ####...


Dungeon Overview and Level Annotations

Branches:
Dungeon (12/15)            Temple (1/1) D:7            Lair (0/6) D:10
    Orc (0/2) D:11         Depths (0/5) D:15        Ossuary (visited)

Altars:
Cheibriados
Dithmenos
Elyvilon
Gozag
Makhleb
Okawaru
Qazlal
Uskayaw
Wu Jian
Xom
Yredelemnul
The Shining One

Shops:
D:6 [   D:9 =   D:11 *

Annotations:
D:12 2 transporters, KristoblXynda's ghost, journeyman SpBe


Innate Abilities, Weirdness & Mutations

Your experience applies equally to all skills.
You have very sharp teeth.
Your uncanny sense of smell can sniff out nearby items.


Message History

You impale the warg!!
You kill the warg!
Okawaru accepts your kill.
The orc knight shoots a bolt.
The bolt barely misses you. The orc hits you with a +0 club.
The orc knight unwields a +0 arbalest.
The orc knight wields a +0 great sword.
You block the orc knight's attack.
The orc priest calls down the wrath of Beogh upon you.
Beogh smites you!
Found a stone staircase leading up.
An orc comes into view.
The orc misses you.
The orc knight hits you with a +0 great sword!!
The orc priest mumbles some strange prayers to Beogh against you.
Beogh smites you!
* * * LOW HITPOINT WARNING * * *
Found a stone staircase leading up.
As you read the scroll of teleportation, it crumbles to dust.
You feel strangely unstable.
The orc knight hits you with a +0 great sword!!
You die...

#..,,............,,,,.......)..
#...##............,.......}....
#...#...#.....#.o.,............
#.......#......o.*....,,,,,,,,,
*##.....##..#,...#,<...#,,,,,,,**
...........[###o.##.o...,,,,,,***
................##o....#*,,,,,***
...............oo.......,,,,,,*,,
..##..........oo@.#.,,,,,,,,,,,,,
.∆,####.$.........#*,,∆,,,,,,,,,,
,,,* #...........##*,**,,*,,,,,,,
*,,* ##(....)....# ***,,,,,,,,,,,
**** #####....### **,,***,,,,,,
#...## *,,,,,,,,,,,, #...#
**,,,,,,,,,,, ##### *,,,****,,,,
**,,* *,,,,


You could see 2 orc knights, 2 orc warriors and 3 orcs.

Vanquished Creatures
  Erica (D:9)
  Nergalle (D:11)
  An unseen horror (D:10)
  3 ugly things
  2 manticores
  A deep elf mage (D:10)
  A cyclops (D:11)
  The ghost of skk the Poker, a novice DsFi of Okawaru (D:5)
  An efreet (D:15)
  2 kobold demonologists
  A troll (D:11)
  A hippogriff (D:11)
  Prince Ribbit (D:8)
  A spriggan (D:10)
  A centaur simulacrum (D:15)
  A wraith (D:15)
  15 yaks (D:10)
  2 hungry ghosts
  A steam dragon (D:12)
  A warg (D:15)
  The ghost of night the Cutter, an amateur KoBe of Trog (D:3)
  2 water moccasins
  An acid dragon (D:15)
  9 orc warriors
  2 ice beasts
  A sky beast (D:11)
  A necrophage (D:12)
  2 phantoms
  11 centaurs
  4 ogres
  2 elf zombies (D:5)
  3 big kobolds
  3 bullfrogs
  2 elf skeletons (D:5)
  A wyvern zombie (D:11)
  16 scorpions
  9 killer bees
  5 wights (D:8)
  3 electric eels (D:11)
  3 crimson imps
  4 centaur zombies
  5 hounds
  2 jellies
  10 orc priests
  A human zombie (Ossuary)
  11 orc wizards
  4 centaur skeletons
  10 worker ants
  2 iguanas
  A human skeleton (D:5)
  3 big kobold zombies (Ossuary)
  A hound zombie (D:7)
  3 mummies (Ossuary)
  A howler monkey zombie (D:5)
  A worker ant zombie (D:10)
  Robin (D:3)
  5 scorpion zombies (Ossuary)
  15 adders
  A howler monkey skeleton (D:10)
  9 shadow imps
  An adder zombie (D:5)
  3 worms
  4 dart slugs
  5 leopard geckos
  56 orcs
  A ball python (D:4)
  10 giant cockroaches
  23 goblins
  11 hobgoblins
  29 jackals
  11 kobolds
  3 quokkas
  7 bats
  10 frilled lizards
  5 gnoll zombies
  A jackal skeleton (D:6)
  A kobold zombie (Ossuary)
  An orc skeleton (D:5)
  An orc zombie (Ossuary)
  A quokka zombie (D:7)
  12 rats
  A plant (D:11)
407 creatures vanquished.

Vanquished Creatures (others)
  Joseph (D:7)
  A black bear (D:7)
  An ogre (D:7)
  2 centaurs
  An orc wizard (D:11)
  An adder (D:11)
  An adder zombie (D:5)
  6 orcs
  A quokka (D:5)
  A kobold (D:5)
  2 plants (D:11)
  10 spectral weapons
28 creatures vanquished.

Grand Total: 435 creatures vanquished

Notes
Turn   | Place    | Note
-------+----------+-------------------------------------------
     0 | D:1      | keltmir the Gnoll Skald began the quest for the Orb.
     0 | D:1      | Reached XP level 1. HP: 20/20 MP: 6/6
   104 | D:1      | Reached XP level 2. HP: 26/26 MP: 7/7
   551 | D:1      | Reached XP level 3. HP: 23/31 MP: 9/9
   635 | D:1      | Learned a level 3 spell: Spectral Weapon
   927 | D:1      | Reached skill level 5 in Spellcasting
  1211 | D:2      | Reached skill level 1 in Invocations
  1282 | D:2      | Reached skill level 1 in Short Blades
  1282 | D:2      | Reached skill level 1 in Long Blades
  1282 | D:2      | Reached skill level 1 in Axes
  1282 | D:2      | Reached skill level 1 in Maces & Flails
  1282 | D:2      | Reached skill level 1 in Staves
  1282 | D:2      | Reached skill level 1 in Slings
  1282 | D:2      | Reached skill level 1 in Bows
  1282 | D:2      | Reached skill level 1 in Crossbows
  1282 | D:2      | Reached skill level 1 in Throwing
  1282 | D:2      | Reached skill level 1 in Stealth
  1282 | D:2      | Reached skill level 1 in Shields
  1282 | D:2      | Reached skill level 1 in Unarmed Combat
  1282 | D:2      | Reached skill level 1 in Evocations
  1376 | D:2      | Reached XP level 4. HP: 38/38 MP: 11/11
  1626 | D:2      | Reached skill level 1 in Conjurations
  1626 | D:2      | Reached skill level 1 in Hexes
  1626 | D:2      | Reached skill level 1 in Summonings
  1626 | D:2      | Reached skill level 1 in Necromancy
  1626 | D:2      | Reached skill level 1 in Translocations
  1626 | D:2      | Reached skill level 1 in Transmutations
  1626 | D:2      | Reached skill level 1 in Fire Magic
  1626 | D:2      | Reached skill level 1 in Ice Magic
  1626 | D:2      | Reached skill level 1 in Air Magic
  1626 | D:2      | Reached skill level 1 in Earth Magic
  1626 | D:2      | Reached skill level 1 in Poison Magic
  2012 | D:3      | Noticed Robin
  2270 | D:3      | Reached XP level 5. HP: 43/43 MP: 12/12
  2737 | D:3      | You fall into a shaft and drop 3 floors!
  2787 | D:6      | Noticed a phantom
  2867 | D:6      | Killed a phantom
  2867 | D:6      | Reached XP level 6. HP: 14/50 MP: 9/13
  3112 | D:6      | Found an opulent altar of Gozag.
  3204 | D:6      | Found a stormy altar of Qazlal.
  3414 | D:6      | Reached skill level 5 in Fighting
  3414 | D:6      | Reached skill level 5 in Polearms
  3414 | D:6      | Reached skill level 5 in Dodging
  3695 | D:6      | Found Idurilonea's Antique Armour Boutique.
  3769 | D:5      | Entered Level 5 of the Dungeon
  3877 | D:5      | Found a shadowy altar of Dithmenos.
  3946 | D:5      | Reached XP level 7. HP: 30/56 MP: 12/15
  4040 | D:5      | Found a sand-covered staircase.
  4136 | D:5      | Learned a level 3 spell: Regeneration
  4137 | Ossuary  | Entered an ossuary
  5048 | Ossuary  | Reached XP level 8. HP: 41/63 MP: 13/16
  6200 | D:4      | Got a pair of crude gloves
  6206 | D:4      | Identified the +3 pair of gloves "Saips" {rN+ rCorr Dex+4
                  | SInv} (You found it on level 4 of the Dungeon)
  6320 | D:4      | Got a smoking halberd
  6695 | D:4      | Identified the +5 halberd "Eciavub" {venom, rPois} (You
                  | found it on level 4 of the Dungeon)
  6919 | D:5      | Found a burning altar of Makhleb.
  6920 | D:5      | Noticed a cacodemon
  6994 | D:5      | Found a runed translucent gate.
  6995 | D:5      | Found a runed translucent gate.
  6996 | D:5      | Found a runed translucent gate.
  6998 | D:5      | Identified the +8 short sword "Toecloamp" {chaos, *Contam
                  | Int+4 Dex+4}
  6998 | D:5      | Noticed skk's ghost (novice DsFi)
  7185 | D:3      | You fall into a shaft and drop 3 floors!
  7354 | D:5      | Reached XP level 9. HP: 58/69 MP: 18/18
  7654 | D:3      | Killed Robin
  7846 | D:3      | Found a basalt altar of Yredelemnul.
  7915 | D:3      | Found a runed translucent door.
  7917 | D:3      | Noticed night's ghost (amateur KoBe)
  7924 | D:3      | Killed night's ghost
  8675 | D:7      | Found a shimmering altar of Xom.
  8678 | D:7      | Noticed Joseph
  8829 | D:7      | Found a staircase to the Ecumenical Temple.
  8837 | D:7      | Reached skill level 5 in Armour
  8837 | D:7      | Killed Joseph
  8882 | D:6      | Bought a slimy ring mail for 216 gold pieces
  8892 | D:6      | Identified the +3 ring mail of Daupn {Int-5 Dex+7 Stlth+}
                  | (You bought it in a shop on level 6 of the Dungeon)
  8937 | Temple   | Entered the Ecumenical Temple
  8943 | Temple   | Became a worshipper of Warmaster Okawaru
  9170 | D:7      | Reached skill level 5 in Invocations
  9173 | D:7      | Reached * piety under Okawaru
  9616 | D:8      | Reached XP level 10. HP: 77/77 MP: 17/20
  9820 | D:8      | Learned a level 3 spell: Call Canine Familiar
  9838 | D:8      | Noticed Prince Ribbit
  9847 | D:8      | Killed Prince Ribbit
  9847 | D:8      | Reached skill level 5 in Short Blades
  9847 | D:8      | Reached skill level 5 in Long Blades
  9847 | D:8      | Reached skill level 5 in Axes
  9847 | D:8      | Reached skill level 5 in Maces & Flails
  9847 | D:8      | Reached skill level 5 in Staves
  9847 | D:8      | Reached skill level 5 in Slings
  9847 | D:8      | Reached skill level 5 in Bows
  9847 | D:8      | Reached skill level 5 in Crossbows
  9847 | D:8      | Reached skill level 5 in Throwing
  9847 | D:8      | Reached skill level 5 in Stealth
  9847 | D:8      | Reached skill level 5 in Shields
  9847 | D:8      | Reached skill level 5 in Unarmed Combat
  9847 | D:8      | Reached skill level 5 in Evocations
 10243 | D:9      | Reached ** piety under Okawaru
 10317 | D:9      | Got a distressingly furry buckler
 10372 | D:8      | Identified the +1 buckler "Romoseumet" {*Corrode +Inv rC+
                  | Str+2} (You found it on level 9 of the Dungeon)
 10589 | D:9      | Found Kufeoz's Jewellery Shop.
 10866 | D:10     | Entered Level 10 of the Dungeon
 10990 | D:10     | Noticed an unseen horror
 11006 | D:10     | Noticed Erica
 11253 | D:6      | Bought a pair of runed boots for 180 gold pieces
 11361 | D:9      | Killed Erica
 11361 | D:9      | Reached *** piety under Okawaru
 11400 | D:10     | Killed an unseen horror
 11400 | D:10     | Reached XP level 11. HP: 78/84 MP: 19/22
 11659 | D:10     | Found a staircase to the Lair.
 11748 | D:10     | Reached **** piety under Okawaru
 11751 | D:10     | Reached skill level 5 in Conjurations
 11751 | D:10     | Reached skill level 5 in Hexes
 11751 | D:10     | Reached skill level 5 in Summonings
 11751 | D:10     | Reached skill level 5 in Necromancy
 11751 | D:10     | Reached skill level 5 in Translocations
 11751 | D:10     | Reached skill level 5 in Transmutations
 11751 | D:10     | Reached skill level 5 in Fire Magic
 11751 | D:10     | Reached skill level 5 in Ice Magic
 11751 | D:10     | Reached skill level 5 in Air Magic
 11751 | D:10     | Reached skill level 5 in Earth Magic
 11751 | D:10     | Reached skill level 5 in Poison Magic
 12626 | D:5      | Killed skk's ghost
 12626 | D:5      | Received a gift from Okawaru
 12932 | D:11     | Found Zieneshra's Assorted Antiques.
 12935 | D:11     | Bought a vibrating bone ring for 90 gold pieces
 12936 | D:11     | Identified the ring of the Establishment {rN+ rCorr SInv}
                  | (You bought it in a shop on level 11 of the Dungeon)
 12942 | D:11     | Noticed Nergalle
 12942 | D:11     | Noticed a purple ugly thing
 12947 | D:11     | Noticed a manticore
 12960 | D:11     | Killed a purple ugly thing
 12966 | D:11     | Killed a manticore
 12966 | D:11     | Received a gift from Okawaru
 12966 | D:11     | Reached ***** piety under Okawaru
 12977 | D:11     | Killed Nergalle
 13063 | D:11     | Received a gift from Okawaru
 13176 | D:11     | Found a staircase to the Orcish Mines.
 13367 | D:11     | Identified the ring "Xanocup" {rN+ Dex+2}
 13367 | D:11     | Noticed a deep elf mage
 13388 | D:11     | Noticed a cyclops
 13396 | D:10     | Killed a deep elf mage
 13802 | D:11     | Killed a cyclops
 13961 | D:11     | Reached XP level 12. HP: 73/93 MP: 20/24
 14283 | D:11     | Received a gift from Okawaru
 14656 | D:12     | Noticed a death knight
 14917 | D:12     | Noticed a death knight
 14937 | D:12     | Found a transporter.
 14941 | D:12     | Noticed KristoblXynda's ghost (journeyman SpBe)
 14943 | D:12     | Found a transporter.
 14984 | D:12     | You fall into a shaft and drop 3 floors!
 14984 | D:15     | Entered Level 15 of the Dungeon
 14985 | D:15     | Noticed a seven-headed hydra
 15040 | D:15     | Slain by an orc knight

Levels and vault maps discovered:
D:1:      matt_arrival_grand_opening, layout_basic, minmay_misc_feat_chi
D:2:      layout_loops_ring
D:3:      layout_basic, lemuel_zombie_altar_yredelemnul,
          ebering_ghost_reflecting_pool, minmay_goblin_outpost, uniq_robin
D:4:      wander_river, layout_loops_ring
D:5:      layout_rooms, lemuel_doored_altar, makhleb_altar_promises_db,
          gammafunk_ghost_nasty_kobolds, nicolae_ossuary_entry_catacombs,
          first_ration, lemuel_flamethrower_2
D:6:      layout_layer_cave, grunt_gozag_breadcrumbs, grunt_qazlal_clouds,
          serial_shops, nicolae_shop_behind_doors
D:7:      layout_cave_pools, xom_confusion_cloud,
          minmay_temple_entry_mini_moons, uniq_joseph
D:8:      layout_basic, uniq_prince_ribbit1
D:9:      layout_roguey, serial_shops, shop
D:10:     layout_loops_ring, lair_entry_dummy, grunt_pizzeria, uniq_erica
D:11:     layout_small_grid, hiddenorc2_lemuel, serial_shops, kennysheep_mini,
          serial_bayou_lagoon_a, dk_vineyard_1, minivault_27, uniq_nergalle
D:12:     layout_irregular_city, gammafunk_ghost_mausoleum, grunt_ministairs_2,
          uniq_azrael
D:15:     grunt_enter_depths_magical_seal, layout_cave_pools,
          minmay_misc_feat_rugged
Temple:   eino_temple_rhombus

Skill      XL: |  1  2  3  4  5  6  7  8  9 10 11 12 |
---------------+-------------------------------------+-----
Spellcasting   | 5 6 7 8 |  8.8
Invocations    | 1 2 3 4 5 6 7 |  7.8
Short Blades   | 1 2 3 4 5 6 7 |  7.1
Long Blades    | 1 2 3 4 5 6 7 |  7.1
Axes           | 1 2 3 4 5 6 7 |  7.1
Maces & Flails | 1 2 3 4 5 6 7 |  7.1
Staves         | 1 2 3 4 5 6 7 |  7.1
Slings         | 1 2 3 4 5 6 7 |  7.1
Bows           | 1 2 3 4 5 6 7 |  7.1
Crossbows      | 1 2 3 4 5 6 7 |  7.1
Throwing       | 1 2 3 4 5 6 7 |  7.1
Stealth        | 1 2 3 4 5 6 7 |  7.1
Shields        | 1 2 3 4 5 6 7 |  7.1
Unarmed Combat | 1 2 3 4 5 6 7 |  7.1
Evocations     | 1 2 3 4 5 6 7 |  7.1
Conjurations   | 1 2 3 4 5 |  5.9
Hexes          | 1 2 3 4 5 |  5.9
Summonings     | 1 2 3 4 5 |  5.9
Necromancy     | 1 2 3 4 5 |  5.9
Translocations | 1 2 3 4 5 |  5.9
Transmutations | 1 2 3 4 5 |  5.9
Fire Magic     | 1 2 3 4 5 |  5.9
Ice Magic      | 1 2 3 4 5 |  5.9
Air Magic      | 1 2 3 4 5 |  5.9
Earth Magic    | 1 2 3 4 5 |  5.9
Poison Magic   | 1 2 3 4 5 |  5.9
Armour         | 3 4 5 6 7 |  7.6
Fighting       | 5 6 7 8 |  8.5
Polearms       | 5 6 7 8 |  8.5
Dodging        | 5 6 7 8 |  8.5
Charms         | 6 7 8 |  8.1

Action                   |  1- 3 |  4- 6 |  7- 9 | 10-12 || total
-------------------------+-------+-------+-------+-------++-------
Melee: Spear             |   149 |   243 |   320 |       ||   712
       Bite              |     9 |    26 |    45 |    58 ||   138
       Punch             |       |     4 |     6 |       ||    10
       Halberd           |       |       |   165 |   387 ||   552
Throw: Dart              |       |       |       |    11 ||    11
 Cast: Infusion          |     3 |       |       |       ||     3
       Spectral Weapon   |     2 |    18 |    35 |    34 ||    89
       Call Canine Famil |       |       |       |     1 ||     1
  Use: Scroll            |       |     5 |     9 |     7 ||    21
 Stab: Sleeping          |     2 |     1 |    23 |    23 ||    49
       Distracted        |       |     1 |     3 |     6 ||    10
  Eat: Chunk             |     2 |     6 |    14 |    18 ||    40
       Ration            |       |     1 |     2 |     1 ||     4
Armor: Leather armour    |    20 |    29 |    67 |       ||   116
       Ring mail         |       |       |     9 |   104 ||   113
Dodge: Dodged            |    65 |   125 |   241 |   293 ||   724
Block: Other             |       |       |     1 |    80 ||    81
       Reflection        |       |       |       |     5 ||     5

Table legend:
 A = Non-vault XP
 B = Vault XP
 C = Vault XP percentage of total XP
 D = Non-vault monster count
 E = Vault monster count
 F = Vault count percentage of total count
                 A         B        C        D         E       F
            +---------+---------+-------+---------+---------+-------
      Total |   18539 |    5323 |  22.3 |     297 |     111 |  27.2
            +---------+---------+-------+---------+---------+-------
        D:1 |      48 |       0 |   0.0 |      28 |       0 |   0.0
        D:2 |     109 |       4 |   3.5 |      25 |       2 |   7.4
        D:3 |     151 |     211 |  58.3 |      42 |      21 |  33.3
        D:4 |      96 |       0 |   0.0 |      11 |       0 |   0.0
        D:5 |     720 |    1012 |  58.4 |      27 |      17 |  38.6
        D:6 |     411 |      98 |  19.3 |      13 |       2 |  13.3
        D:7 |    1108 |     262 |  19.1 |      16 |       6 |  27.3
        D:8 |    1295 |     259 |  16.7 |      25 |       1 |   3.8
        D:9 |    1116 |     902 |  44.7 |      23 |       1 |   4.2
       D:10 |    5514 |     229 |   4.0 |      45 |       1 |   2.2
       D:11 |    4022 |    1434 |  26.3 |      23 |      30 |  56.6
       D:12 |    2286 |      56 |   2.4 |      12 |       2 |  14.3
       D:15 |    1663 |       0 |   0.0 |       7 |       0 |   0.0
    Ossuary |       0 |     856 | 100.0 |       0 |      28 | 100.0
            +---------+---------+-------+---------+---------+-------
